 Dungeon Crawl Stone Soup version 0.28.0-53-g5a82cb258f (webtiles) character file.

Game seed: 16250427993120801943

345 hawla the Firebug (level 6, -3/25 HPs)
             Began as a Felid Fire Elementalist on May 23, 2022.
             Slain by a lemure (5 damage)
             ... led by Pikel
             ... on level 5 of the Dungeon.
             The game lasted 00:19:55 (7143 turns).

hawla the Firebug (Felid Fire Elementalist)         Turns: 7143, Time: 00:19:55

Health: -3/25      AC:  3    Str:  6      XL:     6   Next: 32%
Magic:  5/11       EV: 18    Int: 17 (18) God:
Gold:   160        SH:  0    Dex: 16 (17) Spells: 4/11 levels left
                                        Lives:  0   Deaths: 2

rFire   . . .      SeeInvis +   (weapon unavailable)
rCold   + . .      Faith    .   (shield unavailable)
rNeg    . . .      Spirit   .   (armour unavailable)
rPois   .          Reflect  .   (helmet unavailable)
rElec   .          Harm     .   (cloak unavailable)
rCorr   .          Rampage  .   (gloves unavailable)
Will    +....                   (boots unavailable)
Stlth   +++.......              (no amulet)
HPRegen 0.08/turn               e - ring of wizardry
MPRegen 0.12/turn               (no ring)

@: quick
A: very small, claws 1, fangs 3, see invisible, speed 1, shaggy fur 3, stealthy
paws, no weapons or thrown items, no armour, multi-lived, deterioration 1,
strong-willed 1, strong 1
a: no special abilities


You were on level 5 of the Dungeon.
You visited 1 branch of the dungeon, and saw 5 of its levels.

You collected 226 gold pieces.
You spent 66 gold pieces at shops.

Inventory:

Jewellery
 e - a ring of wizardry (left paw)
Potions
 h - a potion of ambrosia
 i - a potion of resistance
 k - 3 potions of degeneration
 m - 2 potions of curing


   Skills:
 * Level 1.2 Fighting
 + Level 4.3 Dodging
 + Level 3.6 Stealth
 + Level 0.6 Unarmed Combat
 + Level 3.2 Spellcasting
 + Level 3.6 Conjurations
 + Level 6.4 Fire Magic


You had 4 spell levels left.
You knew the following spells:

 Your Spells              Type           Power      Damage    Failure   Level
a - Foxfire               Conj/Fire      80%        2x1d8     1%          1
b - Scorch                Fire           48%        2d7       1%          2
c - Flame Wave            Conj/Fire      20%        2d7       9%          4

Your spell library contained the following spells:

 Spells                   Type           Power      Damage    Failure   Level
 Conjure Flame            Conj/Fire      20%        6-21      2%          3
 Inner Flame              Hex/Fire       13%        N/A       6%          3


Dungeon Overview and Level Annotations

Branches:
Dungeon (5/15)
 Temple: D:4-7

Altars:
Qazlal

Shops:
D:2 =   D:3 (=(*   D:5 ?

Annotations:
D:4 Dowan
D:5 Eustachio, Pikel


Innate Abilities, Weirdness & Mutations

You have sharp claws.
You have razor-sharp teeth.
You have supernaturally acute eyesight. (SInv)
You cover ground quickly. (Speed+)
Your thick and shaggy fur keeps you warm. (AC +3, rC+)
Your paws help you pounce on unaware monsters.
You are incapable of wielding weapons or throwing items.
You cannot wear armour.
You gain extra lives every three experience levels.
Your body sometimes deteriorates upon taking damage.
You are strong-willed. (Will+)
Your muscles are strong. (Str +2)


Message History

Pikel is lightly wounded.
The flame wave engulfs the lemure!
The lemure is heavily wounded.
The flame wave engulfs the lemure!
The lemure is moderately wounded. (Press . to intensify the flame waves.)
The lemure misses you. x2; The lemure closely misses you.
Pikel barely misses you.
A wave of flame ripples out!
The flame wave engulfs the lemure!
The lemure is heavily wounded.
The flame wave engulfs Pikel.
Pikel is lightly wounded.
The flame wave engulfs the lemure.
The lemure is lightly wounded.
The flame wave engulfs the lemure but does no damage.
The lemure is heavily wounded.
The flame wave engulfs the lemure!
The lemure is heavily wounded.
You hear a bellow!
The lemure hits you.
Your body deteriorates!
You feel clumsy. The lemure hits you.
The lemure barely misses you. x2; Pikel misses you.
A wave of flame ripples out!
The flame wave engulfs the lemure but does no damage.
The lemure is heavily wounded.
The flame wave engulfs Pikel!
Pikel is moderately wounded.
The flame wave engulfs the lemure!
The lemure is heavily wounded.
The flame wave engulfs the lemure.
The lemure is heavily wounded.
The flame wave engulfs the lemure.
The lemure is severely wounded.
You finish channelling waves of flame.
The lemure closely misses you. x2
The lemure completely misses you.
Pikel hits you with a +0 whip of freezing.
* * * LOW HITPOINT WARNING * * *
Your body deteriorates!
You feel dopey. The lemure hits you.
You die...

............##.###.####.##
..)................# #.#
......###.####.#.#.# #.#
........†......#.#.# #.#
#.......######.#.#.# #.#
...............#.#.# #.#
...........###.#.#.# #.#
.5.............#.#.# #.#
...............K@5.####.#
.....Y.........555......#
.................#########
.....Y...................#
....#.Y..................#
...##@#.#.######.#########
##.##5#Y#.#.............,*
#.##5#.#.#.####.####.##**
#.##.#.#.#,* #.# *,*


You could see Pikel and 4 lemures.

Vanquished Creatures
  Grinder (D:3)
  Menkaure (D:4)
  Duvessa (D:4)
  A necrophage (D:5)
  Blork the orc (D:5)
  A wyvern skeleton (D:5)
  A howler monkey (D:3)
  An iguana (D:5)
  10 adders
  3 gnolls (D:4)
  An ufetubus (D:3)
  5 worms
  2 dart slugs
  4 orcs (D:3)
  2 ball pythons (D:1)
  7 endoplasms
  6 giant cockroaches
  8 goblins
  6 hobgoblins
  2 jackals (D:1)
  5 quokkas
  8 bats
  4 frilled lizards
  7 kobolds
  3 rats
91 creatures vanquished.

Vanquished Creatures (others)
  268 foxfires
268 creatures vanquished.

Grand Total: 359 creatures vanquished

Notes
Turn   | Place    | Note
-------+----------+-------------------------------------------
     0 | D:1      | hawla the Felid Fire Elementalist began the quest for the
                  | Orb.
     0 | D:1      | Reached XP level 1. HP: 7/7 MP: 4/4
   193 | D:1      | Reached skill level 3 in Fire Magic
   250 | D:1      | Found a faded altar of an unknown god.
   355 | D:1      | Reached XP level 2. HP: 11/11 MP: 4/6
  1220 | D:2      | Learned a level 2 spell: Scorch
  1483 | D:2      | Reached XP level 3. HP: 12/14 MP: 1/7
  1551 | D:2      | Found Yblive's Jewellery Emporium.
  2132 | D:2      | Reached XP level 4. HP: 18/18 MP: 0/9
  2566 | D:2      | Reached skill level 1 in Conjurations
  2800 | D:3      | Learned a level 4 spell: Flame Wave
  2958 | D:3      | Found a stormy altar of Qazlal.
  2965 | D:3      | Reached skill level 4 in Fire Magic
  2965 | D:3      | Reached XP level 5. HP: 14/21 MP: 3/10
  3138 | D:3      | Found Heasupp's General Store.
  3162 | D:3      | Found Gaufuor's Weapon Shop.
  3183 | D:3      | Found Bisetz's Jewellery Shoppe.
  3507 | D:3      | Found Buugysh's Antique Weapon Boutique.
  3567 | D:3      | Noticed Grinder
  3737 | D:3      | Killed Grinder
  3738 | D:3      | Reached skill level 5 in Fire Magic
  3738 | D:3      | Gained mutation: You are covered in thick fur. (AC +2)
                  | [Felid growth]
  3738 | D:3      | Reached XP level 6. HP: 16/24 MP: 0/11
  4362 | D:4      | Noticed Menkaure
  4364 | D:4      | Killed Menkaure
  4374 | D:4      | Reached XP level 7. HP: 27/27 MP: 4/12
  4378 | D:4      | Slain by a gnoll
  4379 | D:4      | Reached XP level 6. HP: 0/24 MP: 11/11
  5009 | D:4      | Noticed Duvessa
  5213 | D:4      | Noticed Dowan
  5226 | D:4      | Killed Duvessa
  5227 | D:4      | Reached skill level 6 in Fire Magic
  5666 | D:5      | Entered Level 5 of the Dungeon
  5964 | D:5      | Noticed Blork the orc
  5986 | D:5      | Killed Blork the orc
  6203 | D:5      | Reached XP level 7. HP: 28/28 MP: 8/12
  6232 | D:5      | Noticed Eustachio
  6416 | D:5      | Noticed a yak
  6422 | D:5      | Noticed a yak
  6425 | D:5      | Noticed Pikel
  6426 | D:5      | Noticed a yak
  6773 | D:5      | Reached skill level 1 in Fighting
  6984 | D:5      | Noticed a yak
  7027 | D:5      | Mangled by a yak
  7028 | D:5      | Reached XP level 6. HP: -9/25 MP: 1/11
  7098 | D:5      | Found Seranef's Magic Scroll Emporium.
  7101 | D:5      | Bought a scroll of identify for 22 gold pieces
  7101 | D:5      | Bought a scroll of identify for 22 gold pieces
  7101 | D:5      | Bought a scroll of identify for 22 gold pieces
  7104 | D:5      | Gained mutation: Your mind is acute. (Int +2) [potion of
                  | mutation]
  7104 | D:5      | Gained mutation: Your body sometimes deteriorates upon
                  | taking damage. [potion of mutation]
  7104 | D:5      | Gained mutation: Your thick and shaggy fur keeps you warm.
                  | (AC +3, rC+) [potion of mutation]
  7104 | D:5      | Gained mutation: You have a pair of small antennae on your
                  | head. [potion of mutation]
  7105 | D:5      | Lost mutation: Your mind is acute. (Int +2) [potion of
                  | mutation]
  7105 | D:5      | Lost mutation: You have a pair of small antennae on your
                  | head. [potion of mutation]
  7105 | D:5      | Gained mutation: You are strong-willed. (Will+) [potion of
                  | mutation]
  7105 | D:5      | Gained mutation: Your muscles are strong. (Str +2) [potion
                  | of mutation]
  7143 | D:5      | Slain by a lemure

Illustrated notes

Levels and vault maps discovered:
D:1:      lightli_arrival_flooded_house, layout_basic,
          dreamdust_ecumenical_altar_hidden_monk_grotto
D:2:      minmay_razor_zed, layout_basic, serial_shops, shop,
          chequers_mini_garden
D:3:      minmay_chambers_of_twos, layout_loops_cross, old_standard_altar,
          serial_shops, nicolae_shop_window_shopping, shop,
          nicolae_shop_bloodbath_and_beyond, nicolae_lakefront_shop,
          uniq_grinder
D:4:      layout_basic, uniq_menkaure, uniq_duvessa
D:5:      layout_basic, serial_shops, nicolae_shop_behind_doors, uniq_pikel,
          uniq_eustachio, uniq_blork_the_orc

Skill      XL: |  1  2  3  4  5  6  7 |
---------------+----------------------+-----
Fire Magic     | 3 4 5 6 |  6.4
Stealth        | 3 |  3.6
Dodging        | 3 4 |  4.3
Spellcasting   | 3 |  3.2
Conjurations   | 1 2 3 |  3.6
Fighting       | 1 |  1.2
Unarmed Combat | |  0.6

Action                   |  1- 3 |  4- 6 |  7- 9 || total
-------------------------+-------+-------+-------++-------
Melee: Unarmed           |    21 |    65 |    32 ||   118
       Bite              |     2 |    10 |     2 ||    14
       Punch             |       |     3 |       ||     3
 Cast: Foxfire           |    45 |    97 |    26 ||   168
       Scorch            |     9 |    22 |     4 ||    35
       Flame Wave        |       |     3 |     7 ||    10
  Use: Scroll            |     2 |    10 |     2 ||    14
       Potion            |       |     2 |     6 ||     8
 Stab: Sleeping          |     2 |     1 |       ||     3
Armor: Skin              |     5 |     8 |    44 ||    57
Dodge: Dodged            |    33 |   106 |    69 ||   208
